 Dungeon Crawl Stone Soup version 0.30.0-29-ga12c61a403 (webtiles) character file.

Game seed: 12010970704944153991

2793 seaoflcl the Thaumaturge (level 9, -2/46 HPs)
             Began as a Deep Elf Fire Elementalist on June 4, 2023.
             Was an Initiate of Kikubaaqudgha.
             Killed from afar by a hell hog (14 damage)
             ... with a fireball
             ... on level 2 of the Abyss.
             The game lasted 00:29:46 (9619 turns).

seaoflcl the Thaumaturge (DEFE)                     Turns: 9619, Time: 00:29:47

Health: -2/46      AC:  5    Str:  5    XL:     9   Next: 43%
Magic:  11/25      EV: 18    Int: 25    God:    Kikubaaqudgha [......]
Gold:   1295       SH:  0    Dex: 15    Spells: 22/29 levels left

rFire   . . .        s - +2 dagger (vamp)
rCold   . . .        (no shield)
rNeg    . . .        k - +2 robe {Archmagi}
rPois   +            c - +0 hat "Fydghev" {rPois}
rElec   .            (no cloak)
rCorr   .            B - +0 pair of gloves
SInv    .            (no boots)
Will    .....        (no amulet)
Stlth   +++          m - +5 ring of evasion
HPRegen 0.00/turn    (no ring)
MPRegen 0.19/turn

%: archmagi
@: sick
A: no striking features
a: Renounce Religion


You were on level 2 of the Abyss.
You worshipped Kikubaaqudgha.
Kikubaaqudgha was noncommittal.
You visited 2 branches of the dungeon, and saw 9 of its levels.
You visited the Abyss 1 time.

You collected 1295 gold pieces.

Inventory:

Hand Weapons
 a - the +3 sling "Uneosok" {freeze, rN+}
   (You found it on level 4 of the Dungeon)

   rN:        It protects you from negative energy.
 q - a +0 scimitar of holy wrath
 s - a +2 vampiric dagger (weapon)
Missiles
 g - 2 throwing nets
 C - 5 silver boomerangs
Armour
 c - the +0 hat "Fydghev" (worn) {rPois}
   (You acquired it on level 3 of the Dungeon)

   rPois:     It protects you from poison.
 k - a +2 robe of the Archmagi (worn)
 p - a +0 kite shield
 B - a +0 pair of gloves (worn)
 E - a +2 helmet
 M - the +4 robe of Augmentation {Str+4 Int+4 Dex+4}
   (You found it on level 7 of the Dungeon)

   Str:       It affects your strength (+4).
   Int:       It affects your intelligence (+4).
   Dex:       It affects your dexterity (+4).
Jewellery
 m - a +5 ring of evasion (left hand)
 w - the ring "Cekiroo" {rElec rPois MP+9 Str-5}
   (You acquired it on level 3 of the Dungeon)

   [ring of magical power]

   Str:       It affects your strength (-5).
   rElec:     It insulates you from electricity.
   rPois:     It protects you from poison.
   MP:        It affects your magic capacity (+9).
 y - a ring of ice
 L - a ring of resist corrosion
Wands
 F - a wand of polymorph (9)
 K - a wand of flame (12)
Scrolls
 d - 3 scrolls of enchant armour
 i - 2 scrolls of teleportation
 j - a scroll of silence
 l - a scroll of enchant weapon {unknown}
 o - a scroll of poison {unknown}
 t - 2 scrolls of blinking
 v - 2 scrolls of amnesia {unknown}
 A - 2 scrolls of noise {unknown}
 G - a scroll of immolation {unknown}
 I - a scroll of brand weapon {unknown}
Potions
 b - a potion of magic
 e - 2 potions of degeneration
 f - a potion of berserk rage
 h - 6 potions of haste
 n - 2 potions of brilliance
 r - a potion of flight
 x - a potion of might {unknown}
 z - a potion of ambrosia
 H - a potion of resistance
 J - a potion of attraction {unknown}


   Skills:
 + Level 0.6 Fighting
 + Level 4.1 Dodging
 + Level 4.2 Stealth
 + Level 10.8 Spellcasting
 + Level 5.5 Conjurations
 + Level 8.8 Fire Magic
 * Level 2.6 Evocations


You had 22 spell levels left.
You knew the following spells:

 Your Spells              Type           Power      Damage    Failure   Level
a - Foxfire               Conj/Fire      100%       2x1d9     1%          1
b - Scorch                Fire           100%       2d9       1%          2
c - Flame Wave            Conj/Fire      65%        2d15      2%          4

Your spell library contained the following spells:

 Spells                   Type           Power      Damage    Failure   Level
 Inner Flame              Hex/Fire       52%        N/A       2%          3
 Volatile Blastmotes      Fire/Tloc      100%       2d18      2%          3
 Sandblast                Erth           40%        2d10      4%          1
 Stone Arrow              Conj/Erth      82%        3d12      4%          3
 Passwall                 Tmut/Erth      16%        N/A       7%          2
 Sublimation of Blood     Necr           20%        N/A       7%          2
 Irradiate                Conj/Tmut      20%        3d18      38%         5
 Petrify                  Tmut/Erth      20%        N/A       41%         4


Dungeon Overview and Level Annotations

Branches:
Dungeon (8/15)             Temple (1/1) D:7
   Lair: D:8-11

Altars:
Ashenzari
Cheibriados
Dithmenos
Elyvilon
Fedhas
Gozag
Kikubaaqudgha
Makhleb
Nemelex Xobeh
Okawaru
Qazlal
Ru
Trog
Uskayaw
Wu Jian
Xom
Yredelemnul
Zin

Shops:
D:6 (


Message History

The thrashing horror tramples you!
You hold your ground!
The thrashing horror closely misses you.
The ancient zyme misses you. The ancient zyme barely misses you.
The thrashing horror attacks as you move away!
The thrashing horror tramples you!
* * * LOW HITPOINT WARNING * * *
The thrashing horror tramples you.
* * * LOW HITPOINT WARNING * * *
The thrashing horror completely misses you. x2
The thrashing horror barely misses you. The thrashing horror tramples you.
* * * LOW HITPOINT WARNING * * *
You stumble backwards!
You feel yourself speed up. The thrashing horror misses you.
The thrashing horror completely misses you.
The thrashing horror tramples you but does no damage.
The thrashing horror closely misses you.
Okay, then.
As you read the scroll of teleportation, it crumbles to dust.
You feel strangely unstable.
You feel the power of the Abyss delaying your translocation!
You feel better. The ancient zyme closely misses you. x2
You feel ill.
Found a gateway leading deeper into the Abyss.
There is a gateway leading deeper into the Abyss here.
You plunge deeper into the Abyss.
Unknown command.
You are suddenly pulled into a different region of the Abyss!
You start to feel less resistant.
Your resistance to elements expires.
Your extra speed is starting to run out.
You feel yourself slow down.
A small abomination comes into view.
A hell hog comes into view.
A hell hog comes into view.
A hell hog comes into view.
The hell hog breathes fire at you.
The fireball explodes!
The fireball engulfs you!
You die...
Kikubaaqudgha rasps: "You have failed me!
Welcome... death!"

.......#........
.....#........ #
#...........
#.............
######..#####
.######x.####.#
...............
.###.##..# ####
# #@.# #......#
.....#.#
..h.....
.#.#..h..# ###.
....h.. ##
....... .......


You could see 3 hell hogs and a small abomination.

Vanquished Creatures
  A smoke demon (Abyss:1)
  A troll (D:5)
  2 water moccasins
  An ice beast (D:7)
  3 ogres
  3 bullfrogs
  3 scorpions
  5 wights (D:6)
  2 howler monkeys (D:5)
  A hound (D:5)
  A jelly (D:4)
  A gnoll bouda (D:7)
  5 orc priests
  A sleepcap (D:6)
  Jessica (D:3)
  5 iguanas
  6 orc wizards
  20 gnolls
  7 adders
  2 shadow imps
  A white imp (D:6)
  2 ufetubi
  A worm (D:4)
  3 dart slugs
  26 orcs
  An endoplasm (D:3)
  14 giant cockroaches
  12 goblins
  8 hobgoblins
  11 kobolds
  2 quokkas
  5 ball pythons
  6 bats
  6 frilled lizards
  9 rats
178 creatures vanquished.

Vanquished Creatures (collateral kills)
  A foxfire (D:3)
1 creature vanquished.

Vanquished Creatures (others)
  510 foxfires
510 creatures vanquished.

Grand Total: 689 creatures vanquished

Notes
Turn   | Place    | Note
-------+----------+-------------------------------------------
     0 | D:1      | seaoflcl the Deep Elf Fire Elementalist began the quest for
                  | the Orb.
     0 | D:1      | Reached XP level 1. HP: 10/10 MP: 6/6
   370 | D:1      | Reached XP level 2. HP: 13/15 MP: 2/8
  1478 | D:2      | Reached XP level 3. HP: 11/19 MP: 5/10
  2494 | D:2      | Learned a level 2 spell: Scorch
  2758 | D:3      | Found a basalt altar of Yredelemnul.
  2852 | D:3      | Noticed Jessica
  2858 | D:3      | Killed Jessica
  2859 | D:3      | Reached XP level 4. HP: 24/24 MP: 7/11
  2876 | D:3      | Identified 3 scrolls of acquirement
  2876 | D:3      | Acquired the ring "Cekiroo" {rElec rPois MP+9 Str-5}
  2878 | D:3      | Lost strength.
  2890 | D:3      | Acquired 981 gold pieces
  2892 | D:3      | Acquired the +0 hat "Fydghev" {rPois}
  3033 | D:3      | Reached skill level 4 in Spellcasting
  3348 | D:3      | Found a broken altar of Ashenzari.
  3426 | D:3      | Reached XP level 5. HP: 28/28 MP: 9/13
  4182 | D:4      | Identified the +3 sling "Uneosok" {freeze, rN+}
  4189 | D:4      | Learned a level 4 spell: Flame Wave
  4204 | D:4      | Found a snail-covered altar of Cheibriados.
  4381 | D:4      | Reached skill level 5 in Spellcasting
  4381 | D:4      | Reached XP level 6. HP: 31/32 MP: 9/15
  4384 | D:4      | Reached skill level 5 in Fire Magic
  4648 | D:4      | Reached skill level 6 in Spellcasting
  4648 | D:4      | Reached XP level 7. HP: 36/36 MP: 11/18
  4986 | D:5      | Entered Level 5 of the Dungeon
  5084 | D:5      | Reached skill level 7 in Spellcasting
  5601 | D:5      | Noticed a troll
  5613 | D:5      | Reached skill level 8 in Spellcasting
  5613 | D:5      | Reached XP level 8. HP: 41/41 MP: 16/22
  5617 | D:5      | Killed a troll
  6517 | D:6      | Found a shadowy altar of Dithmenos.
  6831 | D:6      | Reached skill level 9 in Spellcasting
  7039 | D:6      | Found Zoudd's Antique Weapon Emporium.
  7262 | D:6      | Reached skill level 5 in Conjurations
  7664 | D:6      | Reached XP level 9. HP: 45/45 MP: 19/24
  7967 | D:7      | Reached skill level 1 in Evocations
  8090 | D:7      | Found a staircase to the Ecumenical Temple.
  8135 | D:7      | Reached skill level 10 in Spellcasting
  8687 | D:7      | Found a hide-covered altar of Uskayaw.
  8808 | D:7      | Found the +4 robe of Augmentation {Str+4 Int+4 Dex+4}
  9092 | Temple   | Entered the Ecumenical Temple
  9173 | Temple   | Became a worshipper of Kikubaaqudgha
  9355 | Abyss:1  | Cast into level 1 of the Abyss (gnoll sergeant)
  9466 | Abyss:1  | Found a corrupted altar of Lugonu.
  9513 | Abyss:1  | Noticed a smoke demon
  9537 | Abyss:1  | HP: 2/45 [smoke demon/divine providence (11)]
  9544 | Abyss:1  | Killed a smoke demon
  9544 | Abyss:1  | Noticed an ancient zyme
  9544 | Abyss:1  | Noticed a thrashing horror
  9617 | Abyss:2  | Noticed a hell hog
  9618 | Abyss:2  | Noticed a hell hog
  9619 | Abyss:2  | Noticed a hell hog
  9619 | Abyss:2  | Killed from afar by a hell hog

Illustrated notes

Levels and vault maps discovered:
D:1:      minmay_arrival_split_and_join, layout_basic, minivault_5
D:2:      minmay_roachtagon, layout_loops_corners, kennysheep_doodads
D:3:      layout_basic, mainiacjoe_overflow_six_doors_small,
          overflow_temple_1_default, lexackson_kobold_supper, uniq_jessica
D:4:      layout_basic, cheibrodos_worm_habitat
D:5:      layout_gridville
D:6:      layout_layer_cave, mainiacjoe_overflow_boulevard, serial_shops,
          nicolae_shop_back_alley_shop
D:7:      layout_basic, nicolae_uskayaw_dance_hall, temple_hall,
          nicolae_elevator_lobby_asterisk
D:8:      layout_loops_corners, dpeg_oklobed_lair
Temple:   nicolae_temple_ecumenical_triangle
Abyss:2:  base:
D:3

Skill      XL: |  1  2  3  4  5  6  7  8  9 |
---------------+----------------------------+-----
Conjurations   | 2 3 4 5 |  5.5
Fire Magic     | 4 5 6 8 |  8.8
Dodging        | 3 4 |  4.1
Stealth        | 3 4 |  4.2
Spellcasting   | 4 5 6 8 9 10 | 10.8
Evocations     | 2 |  2.6
Fighting       | |  0.6

Action                     |  1- 3 |  4- 6 |  7- 9 || total
---------------------------+-------+-------+-------++-------
  Melee: Unarmed           |     9 |       |       ||     9
         Dagger            |    11 |     3 |     4 ||    18
         Punch             |       |       |     1 ||     1
   Cast: Foxfire           |    99 |    66 |   147 ||   312
         Scorch            |       |    11 |    59 ||    70
         Flame Wave        |       |       |     6 ||     6
    Use: Scroll            |       |    10 |     6 ||    16
         Potion            |       |       |     7 ||     7
   Stab: Sleeping          |       |     1 |       ||     1
 Armour: Robe              |    21 |     1 |    17 ||    39
  Dodge: Dodged            |    61 |    11 |    80 ||   152
